 Dungeon Crawl Stone Soup version 0.19.1 (webtiles) character file.

188725 nikopol the Severer (level 17, -5/154 HPs)
             Began as a Minotaur Berserker on Nov 27, 2016.
             Was the Champion of Trog.
             Slain by a deep elf blademaster
             ... wielding a +2 short sword of draining
              (10 damage)
             ... on level 3 of the Elven Halls.
             The game lasted 01:32:39 (31471 turns).

nikopol the Severer (Minotaur Berserker)           Turns: 31471, Time: 01:32:40

Health: -5/154     AC: 24    Str: 27    XL:     17   Next: 92%
Magic:  16/16      EV: 13    Int:  7    God:    Trog [******]
Gold:   2061       SH:  0    Dex: 13    Spells: 0 memorised, 16 levels left

rFire  + . .     SeeInvis .     a - +11 battleaxe of Posiding {flame, rC+ rN++ Str+3 Dex-4}
rCold  + . .     Gourm    +     P - +2 plate armour {rF+}
rNeg   + + .     Faith    .     (shield currently unavailable)
rPois  .         Spirit   .     (helmet restricted)
rElec  .         Reflect  .     S - +2 cloak {MR+}
rCorr  .         Harm     .     H - +2 pair of gloves "Koistema" {Regen+}
MR     ++++.                    y - +2 pair of boots
Stlth  ..........               g - amulet of the gourmand
                                N - ring of the Mage {Wiz MR++ Int+3}
                                T - +2 ring of dexterity

@: corroded, heavily drained
A: retaliatory headbutt, horns 2
a: Berserk, Trog's Hand, Brothers in Arms, Burn Spellbooks, Renounce Religion


You were on level 3 of the Elven Halls.
You worshipped Trog.
Trog was exalted by your worship.
You were completely stuffed.

You visited 4 branches of the dungeon, and saw 26 of its levels.
You also visited: Ossuary and Ice Cave.

You collected 2888 gold pieces.
You spent 827 gold pieces at shops.

Inventory:

Hand Weapons
 a - the +11 battleaxe of Posiding (weapon) {flame, rC+ rN++ Str+3 Dex-4}
   (Trog gifted it to you on level 11 of the Dungeon)

   It has been specially enchanted to burn those struck by it, causing extra
   injury to most foes and up to half again as much damage against particularly
   susceptible opponents.
   Big, fiery blades are also staple armaments of hydra-hunters.
   It affects your strength (+3).
   It affects your dexterity (-4).
   It protects you from cold.
   It greatly protects you from negative energy.
 u - the +6 broad axe of Imminent Death {speed, Int+4}
   (Trog gifted it to you in an ice cave)

   Attacks with this weapon are significantly faster.
   It affects your intelligence (+4).
 z - a +9 longbow of velocity
 V - a +5 executioner's axe of draining
Missiles
 l - 729 arrows (quivered)
Armour
 y - a +2 pair of boots (worn)
 H - the +2 pair of gloves "Koistema" (worn) {Regen+}
   (You found it in an ice cave)

   It increases your rate of regeneration.
 P - a +2 plate armour of fire resistance (worn)
 S - a +2 cloak of magic resistance (worn)
Jewellery
 g - an amulet of the gourmand (around neck)
 N - the ring of the Mage (right hand) {Wiz MR++ Int+3}
   (You bought it in a shop on level 1 of the Elven Halls)

   [ring of wizardry]

   It improves your spell success rate.
   It affects your intelligence (+3).
   It affects your resistance to hostile enchantments.
 T - a +2 ring of dexterity (left hand)
 U - an uncursed ring of magical power {unknown}
 X - an uncursed ring of resist corrosion
Wands
 b - a wand of paralysis (10/24)
 p - a wand of iceblast (10/15)
 B - a wand of teleportation (1/9)
 G - a wand of lightning (9/15)
 J - a wand of iceblast (2/15)
 K - a wand of random effects (7/48)
 M - a wand of disintegration (10/24)
 Z - a wand of teleportation (4/9)
Scrolls
 d - 5 scrolls of enchant weapon
 m - 21 scrolls of identify
 n - 5 scrolls of recharging
 o - a scroll of fog
 q - 5 scrolls of enchant armour
 v - 11 scrolls of remove curse
 x - 9 scrolls of teleportation
 F - a scroll of fear
 Y - 2 scrolls of magic mapping
Potions
 f - 13 potions of curing
 h - 3 potions of heal wounds
 i - 2 potions of cancellation
 j - a potion of invisibility
 k - 6 potions of brilliance
 r - 4 potions of flight
 s - 3 potions of might
 t - 4 potions of haste
 w - a potion of cure mutation
 D - 2 potions of ambrosia
 E - 3 potions of agility
 I - 2 potions of resistance
 L - 4 potions of magic
Books
 e - a book of Necromancy

   Spells                             Type                      Level
   a - Pain                           Necromancy                   1
   b - Animate Skeleton               Necromancy                   1
   c - Vampiric Draining              Necromancy                   3
   d - Regeneration                   Charms/Necromancy            3
   e - Animate Dead                   Necromancy                   4
   f - Control Undead                 Necromancy                   4
   Trog disapproves of the use of such an item.
Comestibles
 c - 15 bread rations
 A - 6 meat rations
 C - 14 fruits
 Q - 6 beef jerkies
 R - 11 slices of pizza


   Skills:
 + Level 14.7(11.9) Fighting
 * Level 19.2(16.1) Axes
 * Level 17.6(14.7) Bows
 + Level 15.3(12.5) Armour
 + Level 13.6(10.9) Dodging


You had 16 spell levels left.
You didn't know any spells.

Dungeon Overview and Level Annotations

Branches:
Dungeon (15/15)            Temple (0/1) D:7            Lair (6/6) D:10
 Shoals (0/4) Lair:3        Snake (0/4) Lair:3        Slime (0/5) Lair:6
    Orc (2/2) D:9             Elf (3/3) Orc:2        Vaults (0/5) D:13
 Depths (0/5) D:15

Altars:
Ashenzari
Dithmenos
Elyvilon
Fedhas
Qazlal
Trog
Xom
Yredelemnul
Zin
Beogh

Shops:
D:6 ?   D:10 *   Orc:2 ([*:   Elf:1 }==

Annotations:
Elf:3 Jorgrun


Innate Abilities, Weirdness & Mutations

You reflexively headbutt those who attack you in melee.
You have a pair of horns on your head.


Message History

You completely miss the deep elf blademaster.
The deep elf blademaster is severely wounded.
The deep elf blademaster hits you with a short sword of draining!
* * * LOW HITPOINT WARNING * * *
You partially resist.
You feel drained.
The deep elf blademaster hits you but does no damage.
You partially resist.
You feel drained.
The deep elf blademaster hits you but does no damage.
You partially resist.
You feel drained.
The deep elf blademaster hits you but does no damage.
You partially resist.
You feel drained.
You feel much better.
The deep elf annihilator seems less brilliant.
The deep elf annihilator casts a spell at you.
The crystal spear hits you!
* * * LOW HITPOINT WARNING * * *
The deep elf blademaster hits you but does no damage.
You partially resist.
You feel drained.
The deep elf blademaster hits you with a short sword of draining!
You die...

###..##.###.#........ ......
#....###.#.......................
#.##.# ##..##...........#........
#.##.#####.######...##(##........
..............# #.)..#.# ........
..###.........# #....#.# #......
#.###....#....# #....#.####....##
.#............####e.......ee.....
.##.#..#####..##@ee..............
.#......###...##e###.............
#..##....#....##.....######....##
.#.##.........##.....## #......
...##.................# #......
.####.#.###.#.#...)...# #......
.####.#.#.#.#.#ยง......## #......
......#..#.............# #......
.###.#..###.........##.# #......


You could see a deep elf blademaster, a deep elf annihilator, a deep elf
sorcerer and a deep elf high priest.

Vanquished Creatures
  2 deep elf blademasters
  Agnes (D:15)
  The ghost of kae the Bludgeoner, an adept FoFi of Okawaru (D:15)
  A frost giant (IceCv)
  A deep elf sorcerer (Elf:3)
  An orc warlord (Orc:2)
  Louise (D:15)
  Aizul (Elf:1)
  A stone giant (D:11)
  3 deep elf annihilators (Elf:3)
  A deep elf death mage (Elf:2)
  An ettin (D:15)
  2 ogre magi
  Fannar (Lair:2)
  5 hydras
  The ghost of psellion the Spear-Bearer, a journeyman FoFi of Cheibriados (D:11)
  The ghost of PeterLawrence the Basher, a novice MiFi of Okawaru (D:9)
  6 centaur warriors
  26 dancing weapons
  8 death yaks
  Urug (D:13)
  2 tengu warriors (D:13)
  2 deep troll earth magi (D:11)
  5 orc high priests (Orc:2)
  14 deep elf knights
  A hell knight (D:15)
  2 unseen horrors
  3 skeletal warriors (D:15)
  11 hill giants
  13 deep elf archers
  8 orc knights
  51 deep elf magi
  4 orc sorcerers (Orc:2)
  An ugly thing (D:12)
  3 cyclopes
  A manticore (D:14)
  2 oklob plants (Lair:1)
  4 elephants (Lair:3)
  An ice statue (IceCv)
  Maurice (Orc:1)
  3 black mambas
  A gargoyle (D:15)
  3 kobold demonologists
  3 rime drakes
  2 freezing wraiths
  9 spiny frogs
  5 komodo dragons
  5 yaktaurs
  A tengu conjurer (D:15)
  19 blink frogs
  5 hornets (Lair:6)
  10 trolls
  4 two-headed ogres
  15 polar bears
  A meliai zombie (D:14)
  A harpy skeleton (D:15)
  10 slime creatures
  6 hippogriffs
  3 shadows
  A vampire (D:12)
  6 water elementals
  2 air elementals
  A redback (Lair:6)
  13 spriggans (Lair:6)
  2 wraiths (D:15)
  6 wyverns
  56 yaks
  5 basilisks
  A human (D:10)
  Eustachio (D:5)
  4 hungry ghosts
  A fire elemental (Elf:2)
  2 mottled dragons
  3 vampire mosquitoes
  Menkaure (D:7)
  8 wargs
  Duvessa (D:5)
  9 water moccasins
  6 porcupines
  3 black bears (Lair:6)
  9 ice beasts
  An eye of draining (D:12)
  38 orc warriors
  A swamp drake (D:9)
  2 sky beasts
  An eye of draining (shapeshifter) (D:14)
  The ghost of Philosophy the Skirmisher, an amateur HOFi (D:3)
  3 phantoms
  34 wolves
  2 boggarts (Lair:6)
  20 ogres
  14 centaurs
  8 crocodiles
  An elf zombie (D:15)
  12 big kobolds
  12 bullfrogs
  Blork the orc (D:5)
  A gnoll sergeant (D:6)
  A wyvern zombie (D:15)
  Dowan (D:5)
  3 earth elementals
  3 scorpions
  A wyvern skeleton (D:12)
  A troll zombie (D:15)
  7 killer bees
  7 wights
  6 crimson imps
  2 centaur zombies
  8 hounds
  6 human zombies (D:15)
  27 orc priests
  8 centaur skeletons
  A gnoll shaman (D:6)
  3 jellies
  24 orc wizards
  2 bullfrog skeletons
  2 human skeletons (D:15)
  2 iguanas
  12 worker ants
  A hound zombie (D:11)
  3 hound skeletons
  12 mummies (Ossuary)
  2 worker ant zombies
  12 adders
  7 gnolls (D:6)
  4 shadow imps
  An adder skeleton (D:4)
  5 worms (D:3)
  A dart slug (D:3)
  6 leopard geckos
  133 orcs
  9 bats
  5 giant cockroaches
  8 goblins
  15 hobgoblins
  12 jackals
  35 kobolds
  6 quokkas
  A ball python (D:3)
  A ball python skeleton (D:5)
  7 frilled lizards
  3 gnoll skeletons (Ossuary)
  4 goblin skeletons (Ossuary)
  A leopard gecko skeleton (D:5)
  An orc skeleton (Ossuary)
  11 rats
  11 rat skeletons (Ossuary)
  5 fungi
  11 plants
1054 creatures vanquished.

Vanquished Creatures (collateral kills)
  A deep elf blademaster (Elf:3)
  A deep elf knight (Elf:2)
2 creatures vanquished.

Vanquished Creatures (others)
  3 deep elf knights
  7 wolves (IceCv)
  An orc (D:4)
  A bush (Lair:6)
  3 fungi
  2 plants (Lair:6)
17 creatures vanquished.

Grand Total: 1073 creatures vanquished

Notes
Turn   | Place    | Note
-------+----------+-------------------------------------------
     0 | D:1      | nikopol the Minotaur Berserker began the quest for the Orb.
     0 | D:1      | Reached XP level 1. HP: 19/19 MP: 0/0
    79 | D:1      | Reached XP level 2. HP: 25/27 MP: 1/1
   439 | D:1      | Reached ** piety under Trog
   781 | D:2      | Reached XP level 3. HP: 29/33 MP: 2/2
   789 | D:2      | Reached skill level 4 in Axes
  1252 | D:3      | Reached XP level 4. HP: 38/40 MP: 3/3
  1505 | D:3      | Reached *** piety under Trog
  1564 | D:3      | Noticed a phantom
  1577 | D:3      | Killed a phantom
  1577 | D:3      | Reached XP level 5. HP: 40/47 MP: 4/4
  1740 | D:3      | Noticed Philosophy's ghost (amateur HOFi)
  1749 | D:3      | Killed Philosophy's ghost
  1749 | D:3      | Reached skill level 5 in Fighting
  1749 | D:3      | Reached skill level 5 in Axes
  1749 | D:3      | Reached XP level 6. HP: 51/56 MP: 5/5
  2433 | D:4      | Found a stormy altar of Qazlal.
  2433 | D:4      | Found a white marble altar of Elyvilon.
  2433 | D:4      | Found a bloodstained altar of Trog.
  2526 | D:4      | Reached skill level 5 in Armour
  2606 | D:4      | Found a sand-covered staircase.
  2617 | Ossuary  | Entered an ossuary
  2909 | Ossuary  | Reached XP level 7. HP: 51/62 MP: 6/6
  2918 | Ossuary  | Reached **** piety under Trog
  3415 | D:4      | Found a white marble altar of Elyvilon.
  3799 | D:5      | Entered Level 5 of the Dungeon
  3799 | D:5      | Found a stormy altar of Qazlal.
  3801 | D:5      | Noticed Eustachio
  3816 | D:5      | Killed Eustachio
  3816 | D:5      | Reached skill level 6 in Axes
  3816 | D:5      | Reached skill level 5 in Dodging
  3873 | D:5      | Noticed Blork the orc
  3877 | D:5      | Killed Blork the orc
  3878 | D:5      | Noticed an air elemental
  3968 | D:5      | Reached XP level 8. HP: 64/71 MP: 7/7
  4036 | D:5      | Found a basalt altar of Yredelemnul.
  4245 | D:5      | Noticed Duvessa
  4245 | D:5      | Noticed Dowan
  4257 | D:5      | Killed Duvessa
  4257 | D:5      | Reached ***** piety under Trog
  4257 | D:5      | Reached skill level 1 in Bows
  4260 | D:5      | Killed Dowan
  4265 | D:5      | Reached skill level 7 in Axes
  4920 | D:6      | Found Vontoo's Magic Scroll Emporium.
  5233 | D:6      | Received a gift from Trog
  5298 | D:6      | Reached skill level 8 in Axes
  5298 | D:6      | Reached XP level 9. HP: 74/79 MP: 8/8
  6358 | D:7      | Noticed Menkaure
  6360 | D:7      | Killed Menkaure
  6360 | D:7      | Reached skill level 5 in Bows
  6370 | D:7      | Reached skill level 9 in Axes
  6428 | D:7      | Noticed a hill giant
  6435 | D:7      | Killed a hill giant
  6583 | D:7      | Received a gift from Trog
  6602 | D:7      | Noticed a hill giant
  6606 | D:7      | Killed a hill giant
  6606 | D:7      | Reached XP level 10. HP: 89/89 MP: 9/9
  6615 | D:7      | Found a staircase to the Ecumenical Temple.
  7098 | D:7      | Found a glowing silver altar of Zin.
  7098 | D:7      | Found a shimmering altar of Xom.
  7099 | D:7      | Noticed an angel
  7604 | D:8      | Reached skill level 10 in Axes
  8263 | D:9      | Noticed PeterLawrence's ghost (novice MiFi)
  8290 | D:9      | Killed PeterLawrence's ghost
  8855 | D:9      | Found a staircase to the Orcish Mines.
  9215 | D:9      | Reached skill level 11 in Axes
  9484 | D:10     | Entered Level 10 of the Dungeon
  9514 | D:10     | Found a staircase to the Lair.
  9764 | D:10     | Killed an unseen horror
  9764 | D:10     | Reached XP level 11. HP: 57/97 MP: 10/10
 10070 | D:10     | Reached ****** piety under Trog
 10238 | D:10     | Found Plog's Assorted Antiques.
 10413 | D:10     | Received a gift from Trog
 10960 | Lair:1   | Entered Level 1 of the Lair of Beasts
 11619 | Lair:1   | Reached skill level 12 in Axes
 11717 | Lair:1   | Noticed an oklob plant
 11717 | Lair:1   | Noticed an oklob plant
 12261 | Lair:1   | Killed an oklob plant
 12261 | Lair:1   | Reached skill level 10 in Fighting
 12266 | Lair:1   | Killed an oklob plant
 12512 | Lair:1   | Reached skill level 10 in Armour
 12703 | Lair:2   | Noticed Fannar
 12741 | Lair:2   | Killed Fannar
 12741 | Lair:2   | Reached XP level 12. HP: 80/106 MP: 11/11
 13015 | Lair:2   | Found a frozen archway.
 13024 | IceCv    | Entered an ice cave
 13079 | IceCv    | Reached skill level 10 in Bows
 14096 | IceCv    | Reached skill level 13 in Axes
 14272 | IceCv    | Received a gift from Trog
 14281 | IceCv    | Got a translucent broad axe {god gift}
 14379 | IceCv    | Noticed a death yak
 14391 | IceCv    | Killed a death yak
 14660 | IceCv    | Noticed a frost giant
 14660 | IceCv    | Noticed a death yak
 14667 | IceCv    | Identified the +6 broad axe of Imminent Death {speed, Int+4} (Trog gifted it to you in an ice cave)
 14677 | IceCv    | Killed a frost giant
 14677 | IceCv    | Reached skill level 10 in Dodging
 14680 | IceCv    | Killed a death yak
 15004 | IceCv    | Got a pair of faintly humming gloves
 15010 | IceCv    | Identified the +2 pair of gloves "Koistema" {Regen+} (You found it in an ice cave)
 15729 | Lair:3   | Noticed an eight-headed hydra
 15734 | Lair:3   | Killed an eight-headed hydra
 15750 | Lair:3   | Found a staircase to the Snake Pit.
 15764 | Lair:3   | Reached skill level 14 in Axes
 15779 | Lair:3   | Reached XP level 13. HP: 104/116 MP: 12/12
 16224 | Lair:3   | Found a staircase to the Shoals.
 17721 | Lair:5   | Received a gift from Trog
 18441 | Lair:6   | Entered Level 6 of the Lair of Beasts
 18567 | Lair:6   | Reached skill level 15 in Axes
 19030 | Lair:6   | Paralysed by a hornet for 3 turns
 19265 | Lair:6   | Received a gift from Trog
 19289 | Lair:6   | Reached XP level 14. HP: 125/125 MP: 13/13
 19711 | Lair:6   | Found a staircase to the Slime Pits.
 20019 | Orc:1    | Entered Level 1 of the Orcish Mines
 20024 | Orc:1    | Noticed Maurice
 20032 | Orc:1    | Killed Maurice
 20053 | Orc:1    | Reached XP level 15. HP: 132/132 MP: 14/14
 20168 | Orc:2    | Entered Level 2 of the Orcish Mines
 20168 | Orc:2    | Found a staircase to the Elven Halls.
 20195 | Orc:2    | Received a gift from Trog
 20395 | Orc:2    | Found Fatedaac's General Store.
 21047 | Orc:2    | Found a roughly hewn altar of Beogh.
 21063 | Orc:2    | Found Byzo's Antique Weapon Shop.
 21190 | Orc:2    | Received a gift from Trog
 21293 | Orc:2    | Reached skill level 16 in Axes
 21338 | Orc:2    | Noticed an orc warlord
 21351 | Orc:2    | Killed an orc warlord
 21776 | Orc:2    | Found Waudau's Antique Armour Boutique.
 22118 | Orc:2    | Found Enaz Fau's Book Emporium.
 22663 | D:11     | Received a gift from Trog
 22685 | D:11     | Got a twisted battleaxe {god gift}
 22686 | D:11     | Identified the +11 battleaxe of Posiding {flame, rC+ rN++ Str+3 Dex-4} (Trog gifted it to you on level 11 of the Dungeon)
 22742 | D:11     | Found a blossoming altar of Fedhas.
 22773 | D:11     | Noticed psellion's ghost (journeyman FoFi)
 22778 | D:11     | Killed psellion's ghost
 22967 | D:11     | Found a shattered altar of Ashenzari.
 23654 | D:11     | Reached skill level 15 in Bows
 24988 | D:13     | Received a gift from Trog
 25074 | D:13     | Reached XP level 16. HP: 141/141 MP: 15/15
 25185 | D:13     | Noticed Urug
 25199 | D:13     | Killed Urug
 25300 | D:13     | Reached skill level 17 in Axes
 25503 | D:13     | Found a shadowy altar of Dithmenos.
 25955 | D:13     | Found a gate to the Vaults.
 26739 | D:15     | Entered Level 15 of the Dungeon
 26748 | D:15     | Noticed kae's ghost (adept FoFi)
 26758 | D:15     | Killed kae's ghost
 26853 | D:15     | Received a gift from Trog
 26977 | D:15     | Found a staircase to the Depths.
 27096 | D:15     | Noticed Louise
 27116 | D:15     | Killed Louise
 27178 | D:15     | Noticed Agnes
 27192 | D:15     | Killed Agnes
 27770 | D:15     | Found a basalt altar of Yredelemnul.
 28167 | Elf:1    | Entered Level 1 of the Elven Halls
 28226 | Elf:1    | Noticed Aizul
 28238 | Elf:1    | Killed Aizul
 28356 | Elf:1    | Received a gift from Trog
 28443 | Elf:1    | Reached skill level 18 in Axes
 28476 | Elf:1    | Received a gift from Trog
 28711 | Elf:1    | Found Subroibo's Gadget Shoppe.
 28713 | Elf:1    | Found Dysiwn's Jewellery Shop.
 28713 | Elf:1    | Found Tukofela's Jewellery Shop.
 28766 | Elf:1    | Bought the ring of the Mage {Wiz MR++ Int+3} for 827 gold pieces
 28981 | Elf:1    | Reached XP level 17. HP: 146/151 MP: 16/16
 29457 | Elf:2    | Received a gift from Trog
 29691 | Elf:2    | Found a runed gate.
 29696 | Elf:2    | Found a runed gate.
 29696 | Elf:2    | Found a runed gate.
 29996 | Elf:2    | Noticed a deep elf blademaster
 30010 | Elf:2    | Killed a deep elf blademaster
 30128 | Elf:2    | Reached skill level 15 in Armour
 30142 | Elf:2    | Received a gift from Trog
 30816 | Elf:3    | Entered Level 3 of the Elven Halls
 30997 | Elf:3    | Noticed a deep elf blademaster
 31001 | Elf:3    | Noticed Jorgrun
 31001 | Elf:3    | Reached skill level 19 in Axes
 31006 | Elf:3    | Noticed a deep elf blademaster
 31010 | Elf:3    | Noticed a deep elf blademaster
 31012 | Elf:3    | Killed a deep elf blademaster
 31019 | Elf:3    | Killed a deep elf blademaster
 31027 | Elf:3    | Noticed a deep elf master archer
 31471 | Elf:3    | HP: 5/154 [deep elf annihilator/crystal spear (35)]
 31471 | Elf:3    | Slain by a deep elf blademaster

Skill      XL: |  1  2  3  4  5  6  7  8  9 10 11 12 13 14 15 16 17 |
---------------+----------------------------------------------------+-----
Armour         | 3 4 5 6 7 8 9 10 11 12 13 14 15 | 15.3
Fighting       | 4 5 6 7 8 9 10 11 12 13 14 | 14.7
Axes           | 4 5 6 8 9 11 12 14 15 16 18 19 | 19.2
Dodging        | 3 4 5 6 7 8 9 10 11 12 13 | 13.6
Bows           | 3 6 8 9 11 13 14 15 16 17 | 17.6

Action                   |  1- 3 |  4- 6 |  7- 9 | 10-12 | 13-15 | 16-18 || total
-------------------------+-------+-------+-------+-------+-------+-------++-------
Melee: Hand axe          |    86 |   151 |   355 |    39 |       |       ||   631
       Headbutt          |    12 |    34 |    99 |    27 |    64 |    34 ||   270
       War axe           |       |       |       |    50 |       |       ||    50
       Broad axe         |       |       |       |    21 |   205 |       ||   226
       Battleaxe         |       |       |       |       |    30 |   212 ||   242
       Longbow           |       |       |       |       |     2 |       ||     2
 Fire: Shortbow          |       |       |    33 |       |       |       ||    33
       Longbow           |       |       |   101 |   529 |   783 |   642 ||  2055
Invok: Berserk           |       |     1 |     4 |     3 |     2 |     1 ||    11
       Burn Spellbooks   |       |       |     1 |     2 |     4 |     1 ||     8
       Trog's Hand       |       |       |     1 |       |       |       ||     1
       Brothers in Arms  |       |       |       |     1 |       |     3 ||     4
Evoke: Wand              |       |       |       |       |       |     1 ||     1
  Use: Scroll            |       |     7 |       |    23 |     9 |     3 ||    42
       Potion            |       |       |       |     1 |     1 |     4 ||     6
 Stab: Sleeping          |     1 |       |       |       |       |       ||     1
  Eat: Chunk             |     1 |     6 |    13 |    24 |    39 |    21 ||   104
       Bread ration      |       |       |     1 |       |       |       ||     1
       Beef jerky        |       |       |       |     2 |       |       ||     2
       Meat ration       |       |       |       |     1 |       |       ||     1
Armor: Animal skin       |    12 |       |       |       |       |       ||    12
       Ring mail         |     8 |    41 |    52 |     6 |       |       ||   107
       Plate armour      |       |       |       |   202 |   267 |   269 ||   738
Dodge: Dodged            |    64 |    81 |   162 |   188 |   324 |   241 ||  1060
